 Dungeon Sprint DCSS version 0.29-a0-819-g94b489e0ae (webtiles) character file.

Game seed: 6029167427934849001

1092 mhtbhm the Grappler (level 8, -3/74 HPs)
             Began as a Purple Draconian Transmuter on July 6, 2022.
             Was an Initiate of Gozag.
             Shot with an arrow by a centaur warrior (19 damage)
             ... in the Dungeon (Sprint IX: "|||||||||||||||||||||||||||||").
             The game lasted 00:01:11 (386 turns).

mhtbhm the Grappler (Purple Draconian Transmuter)    Turns: 386, Time: 00:01:11

Health: -3/74      AC:  8    Str: 15    XL:     8   Next: 9%
Magic:  15/20      EV: 14    Int: 13    God:    Gozag
Gold:   567        SH:  0    Dex: 12    Spells: 14/24 levels left

rFire   x . .      SeeInvis .     - Unarmed
rCold   + + +      Faith    .   (shield currently unavailable)
rNeg    . . .      Spirit   .   (body armour unavailable)
rPois   +          Reflect  .   (helmet currently unavailable)
rElec   .          Harm     .   (cloak currently unavailable)
rCorr   .          Rampage  .   (gloves currently unavailable)
Will    +....      NoTele   +   (boots currently unavailable)
Stlth   ++........              (no amulet)
HPRegen 0.22/turn               j - +2 ring of evasion
MPRegen 0.17/turn               k - +2 ring of protection

@: ice-form, wereblooded, invisible
A: freezing attack, amphibious, boosted hp, (breathe power), AC +6, large,
unfitting armour, (cold-blooded)
a: End Transformation, Renounce Religion, Potion Petition, Call Merchant, Bribe
Branch


You were in the Dungeon.
You worshipped Gozag.
Gozag was pleased with you.
You were a creature of crystalline ice.
You visited 1 branch You collected 567 gold pieces.

Inventory:

Jewellery
 j - a +2 ring of evasion (left front paw)
 k - a +2 ring of protection (right front paw)
Wands
 i - a wand of light (8)
Scrolls
 g - a scroll of blinking
 h - 2 scrolls of amnesia
Potions
 b - 5 potions of curing
 d - a potion of haste
 e - 4 potions of magic
 f - a potion of berserk rage


   Skills:
 + Level 2.5 Fighting
 + Level 6.1 Dodging
 + Level 1.2 Stealth
 + Level 13.2 Unarmed Combat
 + Level 8.8 Spellcasting
 + Level 6.5 Transmutations
 + Level 0.4 Ice Magic
 + Level 0.2 Evocations


You had 14 spell levels left.
You knew the following spells:

 Your Spells              Type           Power      Damage    Failure   Level
a - Beastly Appendage     Tmut           44%        N/A       1%          1
b - Wereblood             Tmut           22%        N/A       1%          2
c - Spider Form           Tmut/Pois      14%        N/A       10%         3
d - Ice Form              Ice/Tmut       14%        N/A       30%         4

Your spell library contained the following spells:

 Spells                   Type           Power      Damage    Failure   Level


Dungeon Overview and Level Annotations

Branches:
Dungeon (1/1)

Altars:
Cheibriados
Dithmenos
Elyvilon
Fedhas
Gozag
Hepliaklqana
Kikubaaqudgha
Makhleb
Nemelex Xobeh
Okawaru
Qazlal
Ru
Sif Muna
Trog
Uskayaw
Vehumet
Wu Jian
Xom
Yredelemnul
Zin
The Shining One
Jiyva
Lugonu


Innate Abilities, Weirdness & Mutations

You are a creature of crystalline ice.
You have a powerful freezing melee attack.
You are amphibious.
Your maximum health is increased.
Your armour is entirely melded.
You are incapable of wielding weapons or throwing items.
((You can breathe bolts of dispelling energy.))
((Your rich purple scales are hard. (AC +6)))
You cannot fit into any form of body armour.
((You are cold-blooded and may be slowed by cold attacks.))


Message History

Your Unarmed Combat skill increases to level 13!
You have reached level 8!
You feel stronger.
Unknown command.
You feel much better.
The centaur warrior is no longer blind.
The centaur warrior is distracted by your dazzling golden aura.
The six-headed hydra is distracted by your dazzling golden aura.
The centaur warrior shoots an arrow.
The arrow hits you!!
* * * LOW HITPOINT WARNING * * *
The centaur warrior shouts!
There is an open door, spattered with blood here.
You see here 72 gold pieces.
Unknown command.
You feel much better.
The centaur warrior is no longer blind.
The centaur warrior is no longer distracted by gold.
The centaur warrior shoots an arrow.
The arrow hits you!!
* * * LOW HITPOINT WARNING * * *
Unknown command.
You feel much better.
The six-headed hydra is no longer distracted by gold.
The centaur warrior shoots an arrow.
The arrow hits you.
The centaur warrior shoots an arrow.
The arrow hits you!
* * * LOW HITPOINT WARNING * * *
Unknown command.
Blink to where?
Press: ? - help, Dir - move target
As you read the scroll of blinking, it crumbles to dust.
There is an open door to the Dungeon, spattered with blood here.
Things that are here:
a +0 dagger; a +0 robe You close the door, pushing everything out of the way.
You fade into invisibility!
You howl as the wereblood boils in your veins!
You start resting.
The centaur warrior shoots an arrow.
The arrow completely misses the centaur warrior.
The arrow hits you!!
You die...
Your body crumbles into a pile of gold. ▓▓▓▓▓▓▓▓▓▓▓▓▓▓▓▓▓▓▓▓▓▓▓▓▓▓▓▓▓▓▓▓ _______'..).[[[.Y'cc...D$.$ccD.+ ▓▓▓▓▓▓▓▓▓▓▓▓▓▓▓▓▓▓▓▓▓▓▓▓▓▓▓▓▓▓▓▓ $ $$$$$$ $$$$$ $ $ $ $$$$$

You could see a six-headed hydra (unable to see you) and 2 centaur warriors.

Vanquished Creatures
  A vampire (D)
  2 shadows (D)
  3 yaks (D)
  A jelly (D)
  A hound (D)
  An orc wizard (D)
  2 adders (D)
  A dart slug (D)
  An orc (D)
  An endoplasm (D)
  A hobgoblin (D)
  A bat (D)
  A frilled lizard (D)
17 creatures vanquished.

Vanquished Creatures (others)
  A cyclops (D)
  A vampire mosquito (D)
2 creatures vanquished.

Grand Total: 19 creatures vanquished

Notes
Turn   | Place    | Note
-------+----------+-------------------------------------------
     0 | D        | mhtbhm the Draconian Transmuter began the quest for the
                  | Orb.
     0 | D        | Reached XP level 1. HP: 16/16 MP: 3/3
    63 | D        | Noticed a jelly
    63 | D        | Noticed a hound
    69 | D        | Killed a jelly
    70 | D        | Reached skill level 5 in Unarmed Combat
    70 | D        | Reached XP level 2. HP: 22/23 MP: 3/6
    70 | D        | Reached XP level 3. HP: 27/28 MP: 3/7
    73 | D        | Reached skill level 6 in Unarmed Combat
    73 | D        | Reached XP level 4. HP: 34/35 MP: 3/9
    98 | D        | Learned a level 2 spell: Wereblood
   102 | D        | Learned a level 3 spell: Spider Form
   107 | D        | Learned a level 4 spell: Ice Form
   113 | D        | Found a snail-covered altar of Cheibriados.
   113 | D        | Found a shadowy altar of Dithmenos.
   113 | D        | Found a white marble altar of Elyvilon.
   113 | D        | Found a blossoming altar of Fedhas.
   113 | D        | Found an opulent altar of Gozag.
   114 | D        | Found a hazy altar of Hepliaklqana.
   115 | D        | Found a viscous altar of Jiyva.
   116 | D        | Found an ancient bone altar of Kikubaaqudgha.
   117 | D        | Found a corrupted altar of Lugonu.
   118 | D        | Found a burning altar of Makhleb.
   119 | D        | Found a sparkling altar of Nemelex Xobeh.
   120 | D        | Found an iron altar of Okawaru.
   121 | D        | Became a worshipper of Gozag Ym Sagoz the Greedy
   122 | D        | Found a stormy altar of Qazlal.
   123 | D        | Found a sacrificial altar of Ru.
   124 | D        | Found a shimmering blue altar of Sif Muna.
   125 | D        | Found a bloodstained altar of Trog.
   126 | D        | Found a hide-covered altar of Uskayaw.
   127 | D        | Found a radiant altar of Vehumet.
   128 | D        | Found an ornate altar of the Wu Jian Council.
   129 | D        | Found a shimmering altar of Xom.
   130 | D        | Found a basalt altar of Yredelemnul.
   131 | D        | Found a glowing silver altar of Zin.
   132 | D        | Found a glowing golden altar of the Shining One.
   160 | D        | Noticed a shadow
   160 | D        | Noticed a yak
   160 | D        | Noticed a shadow
   160 | D        | Noticed a yak
   160 | D        | Noticed a yak
   168 | D        | Killed a shadow
   169 | D        | Reached skill level 9 in Unarmed Combat
   169 | D        | Reached skill level 5 in Spellcasting
   169 | D        | Reached skill level 5 in Transmutations
   169 | D        | Reached XP level 5. HP: 34/40 MP: 4/12
   171 | D        | Killed a yak
   172 | D        | Reached skill level 10 in Unarmed Combat
   172 | D        | Reached XP level 6. HP: 32/48 MP: 4/14
   177 | D        | Reached skill level 5 in Dodging
   178 | D        | Killed a shadow
   179 | D        | Reached skill level 11 in Unarmed Combat
   179 | D        | Your scales start taking on a rich purple colour.
   179 | D        | Reached XP level 7. HP: 38/53 MP: 6/18
   180 | D        | Killed a yak
   181 | D        | Reached skill level 12 in Unarmed Combat
   183 | D        | Killed a yak
   360 | D        | Noticed a vampire
   360 | D        | Noticed a centaur warrior
   360 | D        | Noticed a cyclops
   360 | D        | Noticed a vampire mosquito
   360 | D        | Noticed a centaur warrior
   360 | D        | Noticed a six-headed hydra
   371 | D        | Killed a vampire mosquito
   373 | D        | Killed a cyclops
   374 | D        | Reached skill level 1 in Stealth
   374 | D        | Killed a vampire
   375 | D        | Reached skill level 13 in Unarmed Combat
   375 | D        | Reached XP level 8. HP: 7/62 MP: 13/20
   386 | D        | Shot with an arrow by a centaur warrior

Illustrated notes

Levels and vault maps discovered:
D:        linesprint [early_d, line_temple, items_1, d_10, items_2, lair_1,
          lair_end, items_3, orc_1, orc_end, items_4, d_15, swamp_1, shoals_1,
          snake_1, spider_1, d_20, vaults_1, items_5, swamp_end, shoals_end,
          snake_end, spider_end, vaults_end, d_27, items_6, zot_1, zot_end,
          crypt_end, forest_end, elf_end, slime_end, tomb_end, abyss_end,
          pan_hell_end]

Skill      XL: |  1  2  3  4  5  6  7 |
---------------+----------------------+-----
Dodging        | 3 4 5 6 |  6.1
Unarmed Combat | 5 6 9 10 11 13 | 13.2
Spellcasting   | 3 5 7 8 |  8.8
Transmutations | 3 5 6 |  6.5
Fighting       | 2 |  2.5
Stealth        | 1 |  1.2
Ice Magic      | |  0.4
Evocations     | |  0.2

Action                   |  1- 3 |  4- 6 |  7- 9 || total
-------------------------+-------+-------+-------++-------
Melee: Unarmed           |    19 |    27 |    14 ||    60
       Kick              |     4 |       |       ||     4
       Headbutt          |     1 |       |       ||     1
 Cast: Beastly Appendage |     2 |       |       ||     2
       Ice Form          |       |     1 |     1 ||     2
       Wereblood         |       |     1 |     1 ||     2
Evoke: Wand              |       |     1 |     1 ||     2
  Use: Potion            |     1 |       |     4 ||     5
       Scroll            |       |       |     1 ||     1
 Stab: Invisible         |       |       |     1 ||     1
Armor: Skin              |    10 |     8 |     4 ||    22
Dodge: Dodged            |     6 |     5 |     8 ||    19

Table legend: (Time is in decaauts)
 A = Elapsed time spent in this place.
 B = Non-inter-level travel time spent in this place.
 C = Inter-level travel time spent in this place.
 D = Time resting spent in this place.
 E = Time spent auto-exploring this place.
 F = Levels seen in this place.
 G = Mean time per level.
                   A        B        C        D        E       F      G
               +--------+--------+--------+--------+--------+-----+--------+
         Total |    377 |    377 |      0 |    214 |      3 |   1 |  377.0 |
       Dungeon |    377 |    377 |      0 |    214 |      3 |   1 |  377.0 |
               +--------+--------+--------+--------+--------+-----+--------+

Top non-repeatable levels by time:
       D: 377 daAuts
